 Dungeon Crawl Stone Soup version 0.28-a0-674-gdaf460b524 (webtiles) character file.

Game seed: 1076781978101258567

1592 blank1 the Fighter (level 8, -1/74 HPs)
             Began as a Minotaur Fighter on Oct 18, 2021.
             Was a Follower of Okawaru.
             Slain by Harold (3 damage)
             ... on level 7 of the Dungeon.
             The game lasted 00:14:29 (7466 turns).

blank1 the Fighter (Minotaur Fighter)               Turns: 7466, Time: 00:14:30

Health: -1/74      AC: 13    Str: 21    XL:     8   Next: 61%
Magic:  8/9        EV: 11    Int:  5    God:    Okawaru [*.....]
Gold:   336        SH:  6    Dex: 12    Spells: 7/7 levels left

rFire   + . .      SeeInvis .   t - +1 whip (holy)
rCold   . . .      Faith    .   c - +0 buckler
rNeg    . . .      Spirit   .   e - +0 chain mail
rPois   .          Reflect  .   (helmet restricted)
rElec   .          Harm     .   (no cloak)
rCorr   .          Rampage  .   (no gloves)
Will    .....                   x - +0 pair of boots
Stlth   ..........              (no amulet)
HPRegen 0.22/turn               b - ring of protection from fire
MPRegen 0.11/turn               (no ring)

@: heroic, marked
A: horns 2, retaliatory headbutt
a: Renounce Religion, Heroism


You were on level 7 of the Dungeon.
You worshipped Okawaru.
Okawaru was aware of your devotion.
You visited 2 branches of the dungeon, and saw 8 of its levels.

You collected 362 gold pieces.
You spent 26 gold pieces at shops.

Inventory:

Hand Weapons
 a - a +0 flail
 t - a +1 whip of holy wrath (weapon)
Armour
 c - a +0 buckler (worn)
 e - a +0 chain mail (worn)
 x - a +0 pair of boots (worn)
Jewellery
 b - a ring of protection from fire (left hand)
Wands
 q - a wand of iceblast (12)
 s - a wand of mindburst (5)
 v - a wand of charming (14)
Scrolls
 f - 3 scrolls of noise {unknown}
 i - 3 scrolls of fog {unknown}
 k - a scroll of immolation
 n - a scroll of silence
 o - a scroll of holy word
 r - 4 scrolls of teleportation
 y - 2 scrolls of enchant weapon
Potions
 d - a potion of might
 g - a potion of berserk rage
 h - 4 potions of curing
 m - 2 potions of magic
 p - a potion of mutation
 u - a potion of cancellation
 w - a potion of lignification
 z - a potion of resistance {unknown}


   Skills:
 + Level 8.2(13.2) Fighting
 - Level 8.0(13.0) Maces & Flails
 - Level 6.0(11.0) Armour
 + Level 3.5(8.5) Dodging
 - Level 4.0(9.0) Shields
 - Level 3.0 Invocations


You had 7 spell levels left.
You didn't know any spells.
Your spell library contained the following spells:

 Spells                   Type           Power      Damage    Failure   Level
 Sublimation of Blood     Necr           0%         N/A       99%         2
 Wereblood                Tmut           0%         N/A       99%         2
 Conjure Flame            Conj/Fire      0%         6-21      100%        3
 Ignite Poison            Fire/Tmut/Pois 0%         N/A       100%        3
 Sticky Flame             Conj/Fire      0%         2d3       100%        4
 Summon Hydra             Summ           Unusable   N/A       N/A         7

Dungeon Overview and Level Annotations

Branches:
Dungeon (7/15)             Temple (1/1) D:6

Altars:
Hepliaklqana
Kikubaaqudgha
Makhleb
Nemelex Xobeh
Okawaru
Qazlal
Ru
Sif Muna
Trog
Uskayaw
Vehumet
Wu Jian
Xom
Yredelemnul
Zin
The Shining One

Shops:
D:3 ?

Portals:
Abyss: D:4

Annotations:
D:7 Harold


Innate Abilities, Weirdness & Mutations

You have a pair of horns on your head.
You reflexively headbutt those who attack you in melee.


Message History

An orc comes into view. It is wielding a +0 club.
You hit Harold. You headbutt Harold!
Harold is lightly wounded.
You hit Harold but do no damage. You headbutt Harold.
Harold is lightly wounded.
Harold hits you with a +0 vorpal dire flail!
You hit Harold. Your headbutt misses Harold.
Harold is moderately wounded.
You hit Harold but do no damage. You headbutt Harold, but do no damage.
Harold is moderately wounded.
Harold hits you with a +0 vorpal dire flail!
* * * LOW HITPOINT WARNING * * *
The orc closely misses you. You furiously retaliate!
You headbutt the orc. You hit Harold but do no damage.
Harold is moderately wounded.
You hit Harold but do no damage. You headbutt Harold!
Harold is heavily wounded.
The orc warrior hits you with a +0 mace.
* * * LOW HITPOINT WARNING * * *
You block Harold's attack. The orc misses you. You furiously retaliate!
You headbutt the orc. You barely miss Harold.
Harold is heavily wounded.
You hit Harold but do no damage. You headbutt Harold.
Harold is heavily wounded.
You block the orc warrior's attack. Harold barely misses you.
An orc comes into view. It is wielding a +0 flail.
The orc hits you but does no damage.
You hit Harold but do no damage.
Harold is heavily wounded.
You hit Harold but do no damage. You headbutt Harold, but do no damage.
Harold is heavily wounded.
You block Harold's attack.
You closely miss Harold.
Harold is heavily wounded.
You hit Harold but do no damage. You headbutt Harold!
Harold is heavily wounded.
Harold hits you with a +0 vorpal dire flail!
* * * LOW HITPOINT WARNING * * *
You die...

..### ## #..<.....#
#....## #.........
..#..# #......... ....#
#.....#... #.#.#
###.#.#...#. #...#
#...#.#.###.
#..######.###.#.###>
#.oo........#...##..
##.#@###........###..
#..#@[...............
#.#.........#....#..#
#./.#................
#..######....#.........
#.... #..###.........
#..... ≈≈#..#
##........ ..# ≈##..#
#........ . # #..#
#........


You could see Harold, an orc warrior and an orc.

Vanquished Creatures
  A water moccasin (D:3)
  A sky beast (D:6)
  An ice beast (D:7)
  An ogre (D:4)
  A gnoll sergeant (D:6)
  The ghost of Fateal the Conjurer, an amateur FeCj of Makhleb (D:4)
  2 scorpions
  A wyvern skeleton (D:6)
  5 wights (D:6)
  4 crimson imps (D:6)
  A quasit (D:4)
  A jelly (D:5)
  A bullfrog skeleton (D:5)
  3 orc priests
  2 hounds
  Jessica (D:3)
  An iguana (D:6)
  An orc wizard (D:6)
  Ijyb (D:4)
  Robin (D:4)
  5 gnolls
  8 adders
  A shadow imp (D:4)
  3 white imps
  2 ufetubi
  A worm (D:2)
  A dart slug (D:4)
  8 orcs
  2 ball pythons
  3 endoplasms
  8 giant cockroaches
  12 goblins
  7 hobgoblins
  4 jackals
  9 kobolds
  A quokka (D:1)
  5 bats
  4 frilled lizards
  3 rats
118 creatures vanquished.

Vanquished Creatures (others)
  2 jackals (D:4)
2 creatures vanquished.

Grand Total: 120 creatures vanquished

Notes
Turn   | Place    | Note
-------+----------+-------------------------------------------
     0 | D:1      | blank1 the Minotaur Fighter began the quest for the Orb.
     0 | D:1      | Reached XP level 1. HP: 19/19 MP: 0/0
   153 | D:1      | You fall into a shaft and drop 1 floor!
   209 | D:1      | Reached XP level 2. HP: 27/27 MP: 1/1
   841 | D:2      | Reached skill level 1 in Dodging
   892 | D:2      | Reached XP level 3. HP: 28/33 MP: 2/2
  1330 | D:3      | Reached XP level 4. HP: 35/40 MP: 3/3
  1701 | D:3      | Noticed a water moccasin
  1707 | D:3      | Killed a water moccasin
  1708 | D:3      | Reached XP level 5. HP: 15/50 MP: 4/4
  2218 | D:3      | Noticed Jessica
  2227 | D:3      | Killed Jessica
  2228 | D:3      | Reached XP level 6. HP: 42/57 MP: 5/5
  2228 | D:3      | Found a faded altar of an unknown god.
  2452 | D:3      | Found Caddapic's Magic Scroll Emporium.
  2461 | D:3      | Bought a scroll of identify for 26 gold pieces
  2544 | D:4      | Noticed Ijyb
  2548 | D:4      | Reached skill level 5 in Maces & Flails
  2673 | D:4      | Killed Ijyb
  2776 | D:4      | Noticed Robin
  2789 | D:4      | Killed Robin
  3023 | D:4      | Found a glowing silver altar of Zin.
  3345 | D:4      | Found a transporter.
  3349 | D:4      | Found a transporter.
  3351 | D:4      | Noticed Fateal's ghost (amateur FeCj)
  3352 | D:4      | Found a one-way gate to the infinite horrors of the Abyss.
  3359 | D:4      | You fall into a shaft and drop 3 floors!
  3435 | D:6      | Found a staircase to the Ecumenical Temple.
  3440 | D:6      | Noticed an ice beast
  3471 | D:7      | Killed an ice beast
  3472 | D:7      | Reached skill level 5 in Armour
  3472 | D:7      | Reached XP level 7. HP: 25/63 MP: 6/6
  4252 | Temple   | Entered the Ecumenical Temple
  4302 | Temple   | Became a worshipper of Warmaster Okawaru
  4367 | D:6      | Reached skill level 1 in Invocations
  4468 | D:5      | Entered Level 5 of the Dungeon
  4957 | D:4      | Killed Fateal's ghost
  5536 | D:5      | Reached XP level 8. HP: 71/71 MP: 9/9
  6027 | D:6      | Reached * piety under Okawaru
  6659 | D:6      | Found a shimmering altar of Xom.
  7432 | D:7      | Noticed Harold
  7466 | D:7      | HP: 2/74 [Harold (15)]
  7466 | D:7      | Slain by Harold

Illustrated notes

Levels and vault maps discovered:
D:1:      wander_arrival_lonely_grave, layout_loops_ring, grunt_decor_cap
D:2:      layout_rooms
D:3:      layout_basic, basic_ecumenical_altar, serial_shops,
          nicolae_lakefront_shop, minmay_fractal_squares_gapless_5, uniq_jessica
D:4:      layout_loops_ring, zin_scriptorium, gammafunk_ghost_abyssal_escape,
          uniq_robin, uniq_ijyb
D:5:      layout_basic
D:6:      layout_layer_cave, led_xom_imps, minmay_temple_entry_large_hall
D:7:      layout_rooms, mainiacjoe_overflow_small_starburst,
          cheibrodos_ashenzari_chains, serial_aquarium, aquarium_bridge_straight
          [aquarium_subvault_bridge, aquarium_subvault_wall,
          aquarium_subvault_bridge, aquarium_subvault_window],
          aquarium_window_1, aquarium_window_fake, aquarium_view_2d, uniq_harold
Temple:   zaba_magenta_temple

Skill      XL: |  1  2  3  4  5  6  7  8 |
---------------+-------------------------+-----
Dodging        | 1 2 3 |  3.5
Shields        | 4 |  4.0
Fighting       | 4 6 8 |  8.2
Armour         | 4 5 6 |  6.0
Maces & Flails | 3 4 6 8 |  8.0
Invocations    | 3 |  3.0

Action                   |  1- 3 |  4- 6 |  7- 9 || total
-------------------------+-------+-------+-------++-------
Melee: Flail             |    98 |    85 |       ||   183
       Headbutt          |    21 |    24 |    45 ||    90
       Whip              |       |    27 |   192 ||   219
Invok: Heroism           |       |       |     1 ||     1
  Use: Potion            |       |     2 |     2 ||     4
       Scroll            |       |     4 |     7 ||    11
Armor: Chain mail        |    61 |    58 |    68 ||   187
Dodge: Dodged            |    47 |    35 |    56 ||   138
Block: Buckler           |    33 |    22 |    37 ||    92

Table legend: (Time is in decaauts)
 A = Elapsed time spent in this place.
 B = Non-inter-level travel time spent in this place.
 C = Inter-level travel time spent in this place.
 D = Time resting spent in this place.
 E = Time spent auto-exploring this place.
 F = Levels seen in this place.
 G = Mean time per level.
                   A        B        C        D        E       F      G
               +--------+--------+--------+--------+--------+-----+--------+
         Total |   7470 |   7251 |    219 |   1936 |   4037 |   8 |  933.8 |
       Dungeon |   7406 |   7199 |    207 |   1936 |   3997 |   7 | 1058.0 |
        Temple |     63 |     51 |     12 |      0 |     40 |   1 |   63.0 |
               +--------+--------+--------+--------+--------+-----+--------+

Top non-repeatable levels by time:
     D:6: 1799 daAuts
     D:3: 1334 daAuts
     D:4: 1231 daAuts
     D:7: 1015 daAuts
     D:1: 844 daAuts
     D:5: 707 daAuts
     D:2: 471 daAuts
  Temple: 63 daAuts
